AoeStats
← ME_DEPRIME_JUGAR_CON_USTEDES

Oasis

507631879Analyzed
4v4 RM · 13d ago on Sep 19, 2026· 15m 43s· 8 players
Game mode
Random Map
Map size
Large (8 player)
Population
200
Speed
Normal
Resources
Standard
Victory
Conquest
Starting age
Dark Age
Ending age
Imperial Age
RankedLock teamsTeams togetherTeam positionsShared explorationLock speedFull tech treeHidden civsTurbo modeCheats
Victory
Defeat
🇦🇷 Huns · Argentina
1512
+10
🇦🇷 Magyars · Argentina
1413
+14
🇦🇷 Mongols · Argentina
1358
+15
🇦🇷 Lithuanians · Argentina
1341
+16
🇻🇳 Koreans · Vietnam
1422
-16
🇨🇳 Franks · China
1374
-14
🇹🇼 Persians · Taiwan
1343
-13
🇦🇷 Shu · Argentina
1311
-12
老牌休闲玩家
4:23 Loom
11:12 Feudal Age
14:55 Castle Age
13:27 Double-Bit Axe
14:54 Wheelbarrow
疫拳抄人
9:19 Feudal Age
10:26 Double-Bit Axe
12:53 Horse Collar
13:02 Town Watch
11HQQQQ
12:01 Feudal Age
13:04 Loom
gianghodd01
10:29 Feudal Age
8:45 Loom
11:09 Double-Bit Axe
350 pero pregriloso
8:31 Loom
10:43 Feudal Age
13:13 Double-Bit Axe
13:14 Horse Collar
JLoops
6:33 Loom
9:18 Feudal Age
10:10 Double-Bit Axe
10:34 Horse Collar
Nikems
9:14 Feudal Age
10:04 Double-Bit Axe
14:26 Horse Collar
ME_DEPRIME_JUGAR_CON_USTEDES
10:16 Loom
13:18 Feudal Age
14:06 Double-Bit Axe
14:02 Horse Collar
Connection lost

Rejoining the realm…

Still unreachable

The connection could not be restored.

Session expired

The server has moved on; the page needs a fresh start.